 Dungeon Crawl Stone Soup version 0.22.1-1-ga44c0e5 (webtiles) character file.

100 Tarasboulda the Ruffian (level 4, -1/45 HPs)
             Began as a Troll Monk on Sept 29, 2018.
             Slain by a gnoll
             ... wielding a +0 whip
              (2 damage)
             ... on level 3 of the Dungeon.
             The game lasted 00:04:09 (1581 turns).

Tarasboulda the Ruffian (Troll Monk)                Turns: 1581, Time: 00:04:11

Health: -1/45      AC:  6    Str: 19    XL:     4   Next: 46%
Magic:  3/3        EV: 11    Int:  6    God:
Gold:   93         SH:  0    Dex: 13    Spells: 3/3 levels left

rFire    . . .     SeeInvis .     - Unarmed
rCold    . . .     Gourm    +   (no shield)
rNeg     . . .     Faith    .   a - +1 robe
rPois    .         Spirit   .   (helmet restricted)
rElec    .         Reflect  .   (no cloak)
rCorr    .         Harm     .   (gloves unavailable)
MR       .....                  (boots unavailable)
Stlth    +++.......             (no amulet)
HPRegen  0.55/turn              n - ring of stealth
MPRegen  0.08/turn              (no ring)

@: flying
A: large, unfitting armour, claws 3, fast metabolism 3, gourmand, regeneration
1, shaggy fur 1, tough skin 2
a: no special abilities


You were on level 3 of the Dungeon.
You were not hungry.

You visited 1 branch of the dungeon, and saw 3 of its levels.

You collected 93 gold pieces.

Inventory:

Missiles
 k - 5 javelins (quivered)
Armour
 a - a +1 robe (worn)
Jewellery
 n - a ring of stealth (left claw)
Potions
 c - a potion of heal wounds {unknown}
 e - 2 potions of degeneration
 h - a potion of brilliance {unknown}
 l - a potion of agility {unknown}
Comestibles
 b - 4 rations


   Skills:
 + Level 3.0 Fighting
 + Level 3.0 Dodging
 - Level 1.0 Stealth
 * Level 4.3 Unarmed Combat


You had 3 spell levels left.
You didn't know any spells.
Your spell library was empty.

Dungeon Overview and Level Annotations

Branches:
Dungeon (3/15)

Altars:


Innate Abilities, Weirdness & Mutations

You are too large for most types of armour.
You have claws for hands.
Your metabolism is lightning-fast.
You like to eat raw meat.
Your natural rate of healing is unusually fast.
You are covered in fur. (AC +1)
You have very tough skin. (AC +2)


Message History

The goblin completely misses you.
As you read the scroll labeled NEDDAE VUCIO, it crumbles to dust.
It is a scroll of identify.
e - 2 potions of degeneration The gnoll hits you with a whip.
* * * LOW HITPOINT WARNING * * *
The gnoll misses you.
As you read the scroll labeled XEOXIA CUDIOQ, it crumbles to dust.
It is a scroll of enchant armour.
Your +0 robe glows green for a moment.
The goblin hits you but does no damage. The gnoll hits you with a whip.
* * * LOW HITPOINT WARNING * * *
The gnoll hits you from afar with a spear.
* * * LOW HITPOINT WARNING * * *
You aren't carrying any scrolls.
It was a potion of flight.
You feel very buoyant.
You fly up into the air.
The goblin barely misses you. The gnoll hits you with a whip.
You die...

#.##.#+####.......#g#
..........#.......#.#
...##.....#.......#a#
....#...†.#........g#
....+.....#......#..#
.†.##.....#......#..#
##..<.#####....ga#..########
#..#### #....gg##>[......#
#.....# #.....@##........#
+..#..#####......##........#
#........##......####'######
##.....#.#########
#.######### ##....##...#
#....##..)# ##.##....#.#
####.##.#.# ...##.##.#.#
#.....#.# #..##......#
######## #.......#
#..#####...# #......#
#...#####


You could see a worker ant, 2 gnolls and a goblin.

Vanquished Creatures
  4 gnolls (D:2)
  An adder (D:2)
  An ooze (D:1)
  3 dart slugs
  A leopard gecko (D:1)
  A ball python (D:3)
  4 giant cockroaches
  7 hobgoblins (D:1)
  2 kobolds
  A quokka (D:3)
  2 bats (D:3)
  A frilled lizard (D:2)
  5 goblins
  6 rats
39 creatures vanquished.

Notes
Turn   | Place    | Note
-------+----------+-------------------------------------------
     0 | D:1      | Tarasboulda the Troll Monk began the quest for the Orb.
     0 | D:1      | Reached XP level 1. HP: 22/22 MP: 0/0
   274 | D:1      | Reached XP level 2. HP: 29/29 MP: 1/1
   789 | D:2      | Reached XP level 3. HP: 36/36 MP: 2/2
   989 | D:2      | Reached skill level 4 in Unarmed Combat
   990 | D:2      | Reached XP level 4. HP: 30/44 MP: 3/3
  1579 | D:3      | HP: 2/45 [gnoll/whip (1)]
  1581 | D:3      | Slain by a gnoll

Skill      XL: |  1  2  3  4 |
---------------+-------------+-----
Unarmed Combat | 4 |  4.3
Fighting       | 3 |  3.0
Dodging        | 3 |  3.0
Stealth        | |  1.0

Action                   |  1- 3 |  4- 6 || total
-------------------------+-------+-------++-------
Melee: Unarmed           |    64 |    39 ||   103
       Punch             |     2 |       ||     2
Throw: Javelin           |       |     2 ||     2
  Use: Scroll            |       |     5 ||     5
       Potion            |       |     1 ||     1
 Stab: Sleeping          |     1 |     2 ||     3
  Eat: Chunk             |     3 |     5 ||     8
       Ration            |     1 |       ||     1
Armor: Robe              |    10 |    16 ||    26
Dodge: Dodged            |    31 |    33 ||    64
